[Event "*** Titled Tuesday Blitz"]
[Site "Chess.com"]
[Date "2020.05.12"]
[Round "2"]
[White "Ariadna_Atreides"]
[Black "PotapovaM"]
[Result "0-1"]
[WhiteElo "2081"]
[BlackElo "2396"]
[TimeControl "180+1"]
[EndTime "10:18:21 PDT"]
[Termination "PotapovaM won by resignation"]

1. d4 Nf6 2. Nf3 e6 3. e3 b6 4.
Bd3 Bb7 5. O-O d6 6. b3 Nbd7 7. Bb2 Be7 8. Nbd2 O-O 9. c4 Re8 10.
Rc1 Bf8 11. Bb1 e5 12. d5 a5 13. Ng5 g6 14. Qc2 Bg7 15. a3 Rc8 16. Rfd1 Nxd5 17. Nxf7 Kxf7 18. cxd5 Bxd5 19. e4 Be6 20. Nf3 Kg8 21. h3 Qe7 22. Qd2 Nc5 23. Rc3 Nxb3 24.
Qc2 Nc5 25. Bc1 h6 26. Be3 Qf7 27. Qd2 a4 28. Bxh6 Bxh6 29. Qxh6 Qg7 30. Qe3 Bb3 31. Rdc1 Rf8 32. Ng5 Qf6 33. Bd3 Kg7 34. Bc4 Bxc4 35.
Rxc4 Ne6 36. Nf3 Rf7 37. Rxa4 Nf4 38. Rac4 c5 39. Qb3 Nxh3+ 40. Kh2 Nxf2 41. Qxb6 Qf4+ 42.
Kg1 Ng4 43. R4c3 Qg3 44. Qxd6 Qf2+ 45. Kh1 Rh8+ 0-1

[Event "*** Titled Tuesday Blitz"]
[Site "Chess.com"]
[Date "2020.05.12"]
[Round "2"]
[White "Oleksandr_Bortnyk"]
[Black "Azatic"]
[Result "1-0"]
[WhiteElo "2977"]
[BlackElo "2577"]
[TimeControl "180+1"]
[EndTime "10:18:22 PDT"]
[Termination "Oleksandr_Bortnyk won on time"]

1. e4 c5 2. Be2 e6 3. f4 Nc6 4. Nf3 d6 5. c3 e5 6. d4 exd4 7. cxd4 Bg4 8. d5 Bxf3 9. Bxf3 Nd4 10. O-O Be7 11. Nc3 Nf6 12. e5 Nd7 13. exd6 Bxd6 14. Re1+ Kf8 15. Be3 Nf5 16. Bf2 h5 17. Be4 Nd4 18.
Ne2 Nxe2+ 19. Qxe2 Qf6 20. Qb5 Nb6 21. g3 h4 22.
Bxc5 hxg3 23. hxg3 Bxc5+ 24. Qxc5+ Kg8 25. Re2 Rc8 26. Qe3 Nc4 27. Qf2 Nd6 28. Bd3 g6 29. Rae1 Kg7 30. Kg2 a6 31. Re7 Nf5 32. Rxb7 Qd6 33.
Bxf5 gxf5 34. Qd4+ Kg6 35. Rb6 Rc2+ 36. Kf3 1-0

[Event "*** Titled Tuesday Blitz"]
[Site "Chess.com"]
[Date "2020.05.12"]
[Round "2"]
[White "ameetghasi100"]
[Black "MoonlighT89"]
[Result "0-1"]
[WhiteElo "2725"]
[BlackElo "2520"]
[TimeControl "180+1"]
[EndTime "10:18:22 PDT"]
[Termination "MoonlighT89 won by checkmate"]

1. Nf3 Nf6 2. g3 e6 3. Bg2 d5 4. O-O Be7 5. d3 O-O 6. Nbd2 c5 7. e4 Nc6 8. e5 Nd7 9. Re1 b5 10. Nf1 b4 11. h4 Ba6 12. Bg5 Rc8 13.
N1h2 Bxg5 14. hxg5 Nd4 15. Bh3 Qb6 16. Nd2 c4 17.
dxc4 Bxc4 18. Ng4 Qb5 19. Nxc4 Qxc4 20. Bf1 Qc5 21. Bd3 Nxc2 22. Rc1 Nxe1 23. Rxc5 Nxc5 24. Bxh7+ Kxh7 25. Qxe1 Ne4 26. Qxb4 Rc1+ 27. Kg2 Rfc8 28. Qe7 Kg6 29. Ne3 Re1 30. Qb7 Rcc1 31. Qa6 Rg1+ 32. Kf3 Rce1 33. Nxd5 Nxg5+ 34. Kg4 Rxe5 35. Nf4+ Kh6 36.
Qd6 f5+ 37. Kh4 Rh1+ 38. Nh3 Rxh3# 0-1

[Event "*** Titled Tuesday Blitz"]
[Site "Chess.com"]
[Date "2020.05.12"]
[Round "2"]
[White "VladimirBugayev"]
[Black "Orest_Vovk"]
[Result "0-1"]
[WhiteElo "2157"]
[BlackElo "2414"]
[TimeControl "180+1"]
[EndTime "10:18:22 PDT"]
[Termination "Orest_Vovk won on time"]

1. e4 Nc6 2. d4 e5 3. d5 Nce7 4. f4 Ng6 5. Nf3 exf4 6. Nc3 Bc5 7. Na4 Qe7 8. Nxc5 Qxc5 9. h4 Nf6 10. h5 Ng4 11.
Qe2 N6e5 12. Bxf4 d6 13. Qb5+ Qxb5 14. Bxb5+ Bd7 15. Nxe5 Nxe5 16. Bxe5 dxe5 17. Bxd7+ Kxd7 18. Ke2 Rhf8 19. g4 h6 20. Raf1 f6 21. c4 a5 22. b3 a4 23. b4 a3 24. Rb1 Ra4 25. Rb3 Rfa8 26. Rhh3 Kd6 27. c5+ Kd7 28. Rhc3 g6 29.
hxg6 Rg8 30. Kf3 Rxg6 31. Rxa3 Rxb4 32. Rab3 Rxb3 33. Rxb3 Kc8 34. Rb2 Rg8 35. Rh2 Rh8 36. Rh5 Kd7 37. Ke3 Ke7 38. Kd3 Kf7 39. Kc4 Kg6 40.
Rh2 Ra8 41. Rb2 Ra4+ 42. Kd3 Ra7 43. d6 cxd6 44. cxd6 Ra6 45. Rxb7 Rxd6+ 46. Ke3 Ra6 47. Rb2 Ra3+ 48. Rb3 Rxa2 49. Kf3 Kg5 50. Kg3 Ra1 51. Rf3 Rg1+ 0-1

[Event "*** Titled Tuesday Blitz"]
[Site "Chess.com"]
[Date "2020.05.12"]
[Round "2"]
[White "gmelviro"]
[Black "Gerasimenyuk_Miha"]
[Result "1-0"]
[WhiteElo "2156"]
[BlackElo "2394"]
[TimeControl "180+1"]
[EndTime "10:18:22 PDT"]
[Termination "gmelviro won by resignation"]

1. c4 e5 2. g3 Nc6 3. Bg2 a6 4. Nc3 Bc5 5. e3 Ba7 6. Nge2 d6 7. d4 Nge7 8. d5 Nb8 9. e4 h5 10. h4 Bg4 11. Qd3 Nd7 12. Be3 Bxe3 13. Qxe3 a5 14. O-O f5 15. f3 O-O 16. fxg4 hxg4 17. exf5 Nxf5 18. Qg5 Qxg5 19. hxg5 Ne3 20. Rxf8+ Rxf8 21. Ne4 Nxc4 22. Rc1 Ndb6 23. b3 Ne3 24. Rxc7 Nbxd5 25. Rxb7 Nxg2 26. Kxg2 Ne3+ 27. Kh2 d5 28. Nd6 Rf2+ 29.
Kh1 Rxe2 30. g6 Rf2 31. Nf7 Kf8 32. Nxe5 d4 33. Rd7 Nf5 34. Rf7+ Ke8 35. Kg1 Rxa2 36. Rxf5 Ra1+ 37. Kf2 Ra2+ 38. Ke1 Rg2 39. Nxg4 Rxg3 40.
Ne5 Ke7 41. Nc6+ Kd6 42. Nxd4 Rxg6 43. Rxa5 Rg4 44. Nf5+ Kc6 45. Kd2 Kb6 46. Re5 g6 47.
Ne3 Rg3 48. Kc3 Kc6 49. Kc4 Kb6 50. Re6+ Kc7 51. Nd5+ Kd7 52. Re4 Kd6 53. b4 Rg1 54. Nc3 g5 55. b5 g4 56. Re3 g3 57. Rxg3 Rh1 58. Rg6+ Kc7 59. Nd5+ Kb7 60. b6 Rh5 61. Kc5 Ka6 62. Kc6 Rh1 63. Nc7+ Ka5 64. Rg5+ 1-0

[Event "*** Titled Tuesday Blitz"]
[Site "Chess.com"]
[Date "2020.05.12"]
[Round "2"]
[White "Anna_ChessMate"]
[Black "kuban1991"]
[Result "0-1"]
[WhiteElo "2495"]
[BlackElo "2737"]
[TimeControl "180+1"]
[EndTime "10:18:23 PDT"]
[Termination "kuban1991 won by resignation"]

1. d4 g6 2. c4 Bg7 3. g3 d6 4. Bg2 e5 5. dxe5 dxe5 6. Qc2 c6 7. Nc3 Bf5 8. Qb3 Qc7 9. Nf3 Nd7 10. Be3 Ngf6 11. h3 O-O 12. O-O Rfd8 13. Rac1 Ne4 14. g4 Nxc3 15. Qxc3 Be4 16. b4 h6 17. Qb3 a5 18. a3 axb4 19. axb4 Nf8 20. Rfd1 Ne6 21.
b5 c5 22. Ne1 Bxg2 23. Nxg2 Nd4 24. Bxd4 exd4 25. Qf3 Be5 26. h4 Re8 27. h5 b6 28. Ra1 Rxa1 29. Rxa1 Qe7 30. Qd3 Qg5 31. hxg6 fxg6 32. f3 h5 33. gxh5 Qxh5 34. Ra7 Bg3 35. e4 Qh2+ 36. Kf1 Qh1+ 37. Ke2 Qxg2+ 38. Kd1 Qg1+ 39.
Kc2 Qf2+ 40. Kb3 Qe3 41. Kc2 Rf8 42. e5 Qxd3+ 43. Kxd3 Rxf3+ 44. Ke4 Re3+ 45. Kd5 d3 46. e6 d2 47. Ra1 Re1 48. e7 Kf7 0-1

[Event "*** Titled Tuesday Blitz"]
[Site "Chess.com"]
[Date "2020.05.12"]
[Round "2"]
[White "Funo09"]
[Black "Oglob71"]
[Result "0-1"]
[WhiteElo "2717"]
[BlackElo "2509"]
[TimeControl "180+1"]
[EndTime "10:18:23 PDT"]
[Termination "Oglob71 won on time"]

1. e4 c5 2. Nc3 a6 3. Nf3 e6 4. d4 cxd4 5. Nxd4 Qc7 6. Bd3 Nf6 7. O-O Bc5 8. Nb3 Be7 9. f4 d6 10. a4 b6 11. Qf3 Bb7 12. Bd2 Nbd7 13. Rae1 h5 14.
h3 h4 15. Re2 Nc5 16. Nd4 g6 17. Be1 Nh5 18. Qg4 Bf6 19. Nf3 Ng3 20. Bxg3 hxg3 21. e5 Be7 22. Qxg3 O-O-O 23. Ne4 Nxe4 24. Bxe4 Bxe4 25. Rxe4 Qxc2 26. Re3 Qxb2 27. Rf2 Qa1+ 28. Re1 Qxa4 29. Rb2 Kb7 30. Kh2 Rc8 31. Reb1 Rc6 32. Rb4 Qa5 33. Nd4 Rhc8 34. Qf3 d5 35. Nxc6 Rxc6 36.
R4b3 Qc5 37. Qd3 Qc4 38. Qe3 b5 39. R3b2 Bc5 40. Qf3 Bd4 41. Rd2 Bc3 42. Rc2 b4 43.
g3 d4 44. h4 d3 45. Rf2 Kb6 46. Kh3 a5 47. Rd1 d2 48. h5 gxh5 49. Qxh5 Qd4 50.
Re2 Rc7 51. Qf3 Qd5 52. Re4 a4 53. Rb1 Kb5 54. Qe2+ Rc4 55. Re3 Qd4 56. Rd3 Qc5 57.
Rxc3 d1=Q 0-1

[Event "*** Titled Tuesday Blitz"]
[Site "Chess.com"]
[Date "2020.05.12"]
[Round "2"]
[White "DryCounty"]
[Black "garicradomir"]
[Result "1-0"]
[WhiteElo "2626"]
[BlackElo "2344"]
[TimeControl "180+1"]
[EndTime "10:18:23 PDT"]
[Termination "DryCounty won by resignation"]

1. e4 Nc6 2. Nf3 d6 3. d4 Nf6 4. c3 g6 5. Bd3 Bg7 6. O-O O-O 7.
Re1 e5 8. Nbd2 a5 9. a4 exd4 10. cxd4 Nd7 11. Nb3 Nb4 12. Bb1 c5 13. Bf4 c4 14.
Nbd2 d5 15. Bd6 dxe4 16. Bxf8 Nxf8 17. Nxe4 Bg4 18. h3 Bxf3 19. Qxf3 Qxd4 20. Ng5 f6 21. Qxb7 Ra7 22. Nf3 Qxf2+ 23. Kxf2 Rxb7 24. Be4 Nd3+ 25. Bxd3 cxd3 26. Rad1 Rxb2+ 27. Rd2 Rb4 28. Rxd3 Rxa4 29. Rd8 Kf7 30. Ra8 g5 31. Ra7+ Kg6 32. Ree7 Bh6 33. Nh2 Ra2+ 34. Re2 Rxe2+ 35. Kxe2 f5 36. Ra6+ Kh5 37.
g4+ fxg4 38. hxg4+ Kh4 39. Rxh6+ Kg3 40. Ke3 Ng6 41.
Rxh7 Nh4 42. Nf1+ Kxg4 43. Ra7 Kh3 44. Rxa5 g4 45. Rh5 g3 46. Nd2 Kg4 47. Rh8 g2 48. Kf2 Kh3 49. Nf3 1-0

[Event "*** Titled Tuesday Blitz"]
[Site "Chess.com"]
[Date "2020.05.12"]
[Round "2"]
[White "LiemLe"]
[Black "Kingsman132"]
[Result "1-0"]
[WhiteElo "2945"]
[BlackElo "2345"]
[TimeControl "180+1"]
[EndTime "10:18:23 PDT"]
[Termination "LiemLe won on time"]

1. c4 e5 2. Nc3 Nc6 3. Nf3 Nf6 4. e3 d6 5. d4 exd4 6. exd4 g6 7. h3 Bg7 8. Bd3 O-O 9. O-O d5 10. Re1 dxc4 11.
Bxc4 Bf5 12. Bg5 h6 13. Bh4 g5 14. Bg3 Ne7 15. Qb3 c6 16. Qxb7 Nfd5 17. Bb3 g4 18. hxg4 Bxg4 19. Ne5 Be6 20. Nxc6 Nxc6 21. Qxc6 Rc8 22.
Qa6 Nb4 23. Qa4 Nd3 24. Rxe6 fxe6 25. Bxe6+ Kh8 26. Bxc8 Qxc8 27. Qb5 Qf5 28. Qxf5 Rxf5 29.
b3 Bxd4 30. Rd1 Bxc3 31. Rxd3 Bf6 32. Rd6 Kh7 33. Rd7+ Kg6 34. Rxa7 h5 35. Ra6 Kg5 36.
Rc6 h4 37. Bd6 Bd4 38. Rc2 Rd5 39. Be7+ Kg4 40. Re2 Be5 41. Kf1 Rd1+ 42. Re1 Rd5 43. Re4+ Kf5 44. Rxh4 Bf4 45. g3 Bg5 46. Bxg5 Kxg5 47. a4 Rd1+ 48. Kg2 Rb1 49. Rb4 Kf5 50. a5 Ke5 51. a6 Kd5 52. a7 Kc5 53. Rc4+ 1-0

[Event "*** Titled Tuesday Blitz"]
[Site "Chess.com"]
[Date "2020.05.12"]
[Round "2"]
[White "venus02"]
[Black "ADODOVE"]
[Result "0-1"]
[WhiteElo "2335"]
[BlackElo "2011"]
[TimeControl "180+1"]
[EndTime "10:18:23 PDT"]
[Termination "ADODOVE won by checkmate"]

1. e4 e5 2. Nf3 Nc6 3. d4 exd4 4. Nxd4 Nf6 5. Nc3 Bb4 6. Nxc6 bxc6 7. Bd3 O-O 8. O-O d5 9. exd5 cxd5 10. Bg5 Be6 11. Bxf6 Qxf6 12. Nxd5 Bxd5 13. Qh5 Rfd8 14. Qxh7+ Kf8 15. c3 Bd6 16. Rfe1 Be6 17. Be4 Rab8 18. Re3 Qh6 19. Qxh6 gxh6 20. b3 Rb5 21. Rae1 Rh5 22. g3 Bh3 23. Bf3 Rf5 24. Be2 Bc5 25. Rf3 Rxf3 26. Bxf3 Rd2 27. Be2 Rxa2 28. b4 Bb6 29.
c4 Bd4 30. c5 Bg4 31. Kf1 Bxe2+ 32. Rxe2 Rxe2 33. Kxe2 a5 34. bxa5 Bxc5 35. f4 Ke7 36. h3 Kd6 37. Kd3 Ba7 38. Kc4 c5 39. g4 Ke6 40. Kb5 Kd5 41. g5 hxg5 42. fxg5 c4 43. Kb4 Kd4 44. h4 Kd3 45. h5 c3 46.
g6 c2 47. gxf7 c1=Q 48. f8=Q Qc4+ 49. Ka3 Bc5+ 50. Qxc5 Qxc5+ 51. Kb3 Qc3+ 52. Ka4 Kc4 53. a6 Qb4# 0-1

[Event "*** Titled Tuesday Blitz"]
[Site "Chess.com"]
[Date "2020.05.12"]
[Round "2"]
[White "chesstatour"]
[Black "fidezivkovic"]
[Result "0-1"]
[WhiteElo "1931"]
[BlackElo "2365"]
[TimeControl "180+1"]
[EndTime "10:18:23 PDT"]
[Termination "fidezivkovic won on time"]

1. c4 e5 2. Nc3 Nf6 3. Nf3 Nc6 4. d4 exd4 5. Nxd4 Bb4 6. g3 O-O 7.
Bg2 Re8 8. O-O Ne5 9. Qb3 Bf8 10.
Rd1 d6 11. Bg5 h6 12. Bxf6 Qxf6 13. Nd5 Qd8 14. Rac1 c6 15. Ne3 Qc7 16. Qc2 g6 17.
b4 a5 18. b5 Bd7 19. h3 f5 20.
Nf1 Nf7 21. e4 c5 22. Ne2 Bg7 23. Nf4 Ng5 24. Nxg6 Nxe4 25. Bxe4 fxe4 26. Nf4 Be5 27. Qxe4 Bg7 28. Qd5+ Kh7 29. Qxd6 Qxd6 30. Rxd6 Bf5 31. Ne3 Be4 32. Rcd1 Bd4 33. Ned5 Rf8 34. Rxd4 cxd4 35. Nh5 Bxd5 0-1

[Event "*** Titled Tuesday Blitz"]
[Site "Chess.com"]
[Date "2020.05.12"]
[Round "2"]
[White "stoleriu"]
[Black "Paralinch"]
[Result "0-1"]
[WhiteElo "2553"]
[BlackElo "2882"]
[TimeControl "180+1"]
[EndTime "10:18:24 PDT"]
[Termination "Paralinch won by resignation"]

1. e4 c6 2. Nf3 d5 3. exd5 cxd5 4. Ne5 a6 5. d4 Nf6 6. Bd3 Nc6 7. Nxc6 bxc6 8.
O-O Bg4 9. Qd2 e6 10. Re1 Be7 11. Nc3 O-O 12. Qf4 Bh5 13. Bd2 Bg6 14. Bxg6 hxg6 15.
Qf3 Nd7 16. g3 c5 17. dxc5 Bxc5 18. Rad1 Qf6 19. Qxf6 gxf6 20. Na4 Rfc8 21. Re2 Ba7 22. Be1 Rc6 23. Kg2 Rac8 24. c3 f5 25. b3 Nf6 26. f3 Ne8 27. Nb2 Nd6 28. Nd3 Nb5 29. Ne5 R6c7 30. c4 dxc4 31. Nxc4 Bd4 32. a4 Nc3 33. Bxc3 Bxc3 34. Rd6 Rb8 35. Rxa6 Rxb3 36. Nd6 Rb8 37. Nb5 Rcc8 38. Rc2 Bb4 39. Rxc8+ Rxc8 40. h4 Rc2+ 41. Kh3 Ra2 42. Ra8+ Kg7 43. Nd4 e5 44. Nc6 Bc3 45. a5 e4 46. fxe4 fxe4 47. a6 e3 48. Re8 Rxa6 49. Nd8 Bf6 50. Nb7 Bd4 51. Nd6 Rxd6 0-1

[Event "*** Titled Tuesday Blitz"]
[Site "Chess.com"]
[Date "2020.05.12"]
[Round "2"]
[White "harvsp123"]
[Black "Kezin_Roman"]
[Result "1/2-1/2"]
[WhiteElo "2527"]
[BlackElo "2782"]
[TimeControl "180+1"]
[EndTime "10:18:24 PDT"]
[Termination "Game drawn by repetition"]

1. d4 d5 2. c4 e6 3. Nc3 c6 4. e4 dxe4 5. Nxe4 Bb4+ 6. Bd2 Qxd4 7. Bxb4 Qxe4+ 8. Be2 Na6 9. Ba5 Qh4 10. Bc3 Nf6 11. Nf3 Qh6 12. Bd3 O-O 13. O-O Nc5 14. Bc2 Nce4 15. Be5 c5 16. h4 b6 17. Qe2 Bb7 18. Rad1 Qh5 19. Rfe1 h6 20. Bxe4 Bxe4 21. Bxf6 Bxf3 22. Qxf3 Qxf3 23. gxf3 gxf6 24. Rd7 Rfd8 25.
Red1 Rxd7 26. Rxd7 f5 27. Kf1 Kg7 28. f4 Kf6 29.
Ke2 a5 30. Rb7 Rd8 31. Rxb6 Rd4 32. b3 a4 33. Rb5 axb3 34. axb3 Rxf4 35. Rxc5 Rxh4 36.
b4 Ke7 37. b5 Kd6 38. Rc8 Kd7 39. Rc5 Kd6 40. Rc8 Kd7 41. Rc5 Kd6 1/2-1/2

[Event "*** Titled Tuesday Blitz"]
[Site "Chess.com"]
[Date "2020.05.12"]
[Round "2"]
[White "WhiteKnight2612"]
[Black "Mikedannnn"]
[Result "1-0"]
[WhiteElo "2686"]
[BlackElo "2467"]
[TimeControl "180+1"]
[EndTime "10:18:24 PDT"]
[Termination "WhiteKnight2612 won by resignation"]

1. Nf3 c5 2. g3 b6 3. Bg2 Bb7 4. O-O Nf6 5. c4 e6 6. Nc3 Be7 7. b3 O-O 8. Bb2 a6 9. d4 cxd4 10. Qxd4 d6 11. Rfd1 Nbd7 12. Rac1 Rc8 13. h3 Qc7 14. g4 Rfd8 15. g5 Ne8 16. h4 Ne5 17. Nxe5 dxe5 18. Qg4 Bxg2 19. Kxg2 Nd6 20. Kh3 Nf5 21. Ne4 Bc5 22. e3 Rxd1 23. Rxd1 Bxe3 24. fxe3 Nxe3 25. Qf3 Nxd1 26. Qxd1 Rd8 27. Qf3 Qd7 28. Bxe5 Qd1 29. Qxd1 Rxd1 30. Bc7 b5 31. c5 Kf8 32. Bd6+ Ke8 33. Kg4 Kd7 34. Be5 f6 35. gxf6 gxf6 36.
Nxf6+ Kc6 37. Bd6 h6 38. Kh5 Rd2 39. Kxh6 Rxa2 40. h5 a5 41. Kg7 a4 42. bxa4 bxa4 43.
h6 Rg2+ 44. Kf7 Rg3 45. Bxg3 1-0

[Event "*** Titled Tuesday Blitz"]
[Site "Chess.com"]
[Date "2020.05.12"]
[Round "2"]
[White "Alexander_Zubov"]
[Black "Kislov_Oleg"]
[Result "1-0"]
[WhiteElo "2835"]
[BlackElo "2339"]
[TimeControl "180+1"]
[EndTime "10:18:24 PDT"]
[Termination "Alexander_Zubov won by resignation"]

1. d4 Nf6 2. Nf3 d5 3. c4 dxc4 4. e3 e6 5. Bxc4 c5 6. Qe2 a6 7.
dxc5 Bxc5 8. O-O O-O 9. e4 Nc6 10. e5 Nd7 11. Bf4 b5 12. Bd3 f5 13. Nbd2 Bb7 14.
a4 b4 15. Bc4 Qe7 16. Nb3 h6 17. Rfd1 Rfd8 18. Rxd7 Rxd7 19. Nxc5 Qxc5 20. Bxe6+ Rf7 21. Bxf7+ Kxf7 22. Rc1 Qd5 23. Rd1 Qe6 24. Rd6 Qe8 25. Qc4+ Kf8 26. Nh4 g5 27. Nxf5 Nxe5 28. Rf6+ Nf7 29.
Bd6+ Kg8 30. Nxh6+ Kg7 31. Qxf7+ Qxf7 32. Rxf7+ Kxh6 33. Rxb7 Rd8 34. Rb6 Rc8 35. Bxb4+ Kh5 36. h3 g4 37.
hxg4+ Kxg4 38. Rxa6 Rc1+ 39. Kh2 Rc4 40. Bd2 Rc2 41.
f3+ Kf5 42. Ra5+ Kf6 43. Bc3+ Ke6 44. Re5+ Kd6 45. Rh5 1-0

[Event "*** Titled Tuesday Blitz"]
[Site "Chess.com"]
[Date "2020.05.12"]
[Round "2"]
[White "RobertPrieb2007"]
[Black "DanielDardha2005"]
[Result "1-0"]
[WhiteElo "2324"]
[BlackElo "2606"]
[TimeControl "180+1"]
[EndTime "10:18:25 PDT"]
[Termination "RobertPrieb2007 won by checkmate"]

1. d4 Nf6 2. c4 e6 3. Nc3 Bb4 4. Qc2 c5 5. dxc5 Bxc5 6. Nf3 O-O 7. Bg5 h6 8. Bxf6 Qxf6 9. e3 Qd8 10. Bd3 Be7 11. O-O d6 12. Ne2 Nd7 13. Ned4 a6 14. Rfd1 Qc7 15. b3 b6 16. Rac1 Bb7 17. Bh7+ Kh8 18.
Be4 Nf6 19. Bxb7 Qxb7 20. Qe2 Rac8 21. Ne1 Rfd8 22. Nd3 Kg8 23. Rc2 Rc7 24. Rdc1 Rdc8 25. b4 Nd7 26. b5 Bf6 27. bxa6 Qxa6 28. Nb5 Rc6 29. Nb4 Qa4 30. Nxc6 Rxc6 31. Qd3 Ne5 32. Qb3 Qa5 33. Nd4 Rc8 34. Rb1 Nd7 35. Qb5 Qa7 36.
Qb4 Rc5 37. Nb5 Qb8 38. Rd2 Be7 39. Rbd1 d5 40. cxd5 exd5 41. Qb3 Nf6 42. Nc3 Ng4 43. g3 Qc8 44. Nxd5 Bf8 45. Nxb6 Qf5 46. Nd7 Rc7 47. Nxf8 Kxf8 48. Qb8+ Rc8 49. Rd8+ Ke7 50. Qd6# 1-0

[Event "*** Titled Tuesday Blitz"]
[Site "Chess.com"]
[Date "2020.05.12"]
[Round "2"]
[White "Zubrrr"]
[Black "Isajevsky_Anton"]
[Result "1/2-1/2"]
[WhiteElo "2666"]
[BlackElo "2411"]
[TimeControl "180+1"]
[EndTime "10:18:25 PDT"]
[Termination "Game drawn by repetition"]

1. c4 c5 2. g3 Nc6 3. Nc3 g6 4. Bg2 Bg7 5. Nf3 d6 6. a3 Rb8 7. b4 b6 8. O-O Bb7 9. Bb2 Nh6 10. d3 Nf5 11. e3 O-O 12. Qb3 Qd7 13. Rac1 e6 14.
Rfd1 Rfd8 15. Ne4 Qe7 16. Bxg7 Kxg7 17. Qb2+ f6 18. g4 Nh6 19. g5 Ng8 20. gxf6+ Nxf6 21. Nfg5 e5 22. b5 Na5 23. f4 Rf8 24. fxe5 dxe5 25. Rf1 Nxe4 26. Nxe4 Rxf1+ 27. Rxf1 Rf8 28. Rxf8 Kxf8 29.
Qf2+ Kg7 30. Qg3 Nb3 31. Ng5 Bxg2 32. Kxg2 Nc1 33. h4 Nxd3 34. Qg4 e4 35. Ne6+ Kf7 36.
Ng5+ Kg7 37. Ne6+ Kf7 38. Ng5+ Kg7 1/2-1/2

[Event "*** Titled Tuesday Blitz"]
[Site "Chess.com"]
[Date "2020.05.12"]
[Round "2"]
[White "14Sokol88"]
[Black "SoltaniciR"]
[Result "1-0"]
[WhiteElo "2377"]
[BlackElo "2617"]
[TimeControl "180+1"]
[EndTime "10:18:25 PDT"]
[Termination "14Sokol88 won on time"]

1. e4 c5 2. Nf3 d6 3. Bb5+ Nd7 4. d4 cxd4 5. Qxd4 a6 6. Bxd7+ Bxd7 7. Nc3 Rc8 8. Bg5 h6 9. Bh4 e5 10. Qd3 g5 11. Bg3 Nf6 12. Nd2 Qc7 13. Nf1 b5 14. a3 Qb7 15. Ne3 Rxc3 16. bxc3 Nxe4 17. f3 Nc5 18.
Qd5 Bc6 19. Qd2 f6 20. h4 Rg8 21. hxg5 hxg5 22. c4 Ne6 23. cxb5 axb5 24. Ng4 Be7 25. Rh7 Rf8 26. Bf2 d5 27. Rb1 d4 28. a4 b4 29. a5 Qa6 30. Rxe7+ Kxe7 31. Qxb4+ Kf7 32. Qd6 Qc4 33. Rb4 Qc3+ 34. Kd1 1-0

[Event "*** Titled Tuesday Blitz"]
[Site "Chess.com"]
[Date "2020.05.12"]
[Round "2"]
[White "przemekpiotrowski"]
[Black "CMS13"]
[Result "1-0"]
[WhiteElo "2426"]
[BlackElo "2171"]
[TimeControl "180+1"]
[EndTime "10:18:25 PDT"]
[Termination "przemekpiotrowski won on time"]

1. d4 d5 2. Nf3 Nf6 3. g3 Bg4 4. Bg2 Nbd7 5. O-O e6 6. c4 c6 7.
Nc3 Bd6 8. b3 O-O 9. Bb2 Re8 10.
h3 Bh5 11. Re1 a5 12. Nd2 Bc7 13. Qc1 e5 14. dxe5 Nxe5 15. cxd5 Nxd5 16. Nxd5 cxd5 17.
Nf1 Rc8 18. Qd2 Nc6 19. g4 Bg6 20. Qxd5 Qxd5 21. Bxd5 Nb4 22. Bxb7 Rb8 23. Bf3 Nc2 24. Rec1 Bb6 25. Rab1 Nb4 26. a3 Bxb1 27. Rxb1 Nc2 28. e3 Rbc8 29. Rc1 f6 30. Bd1 Nxe3 31. Nxe3 Bxe3 32.
fxe3 Rxc1 33. Bxc1 Kf7 34. Kf2 Rc8 35. Bd2 Rd8 36. Ke2 Ra8 37. Bc2 Ke6 38. Bxh7 Rh8 39.
Bf5+ Kd6 40. Bxa5 Rxh3 41. Kd3 Ke5 42. Bc7+ Kd5 43. g5 Rh5 44. Be4+ Ke6 45. gxf6 gxf6 46. Bf4 Rh4 47. Kd4 f5 48. Bd5+ Kf6 49. b4 Rh1 50. b5 Rb1 51. Bc4 Ra1 52. Bd6 Rd1+ 53. Kc5 Kg7 54. Be5+ 1-0

[Event "*** Titled Tuesday Blitz"]
[Site "Chess.com"]
[Date "2020.05.12"]
[Round "2"]
[White "RubensCezila"]
[Black "chessdjw"]
[Result "0-1"]
[WhiteElo "2475"]
[BlackElo "2708"]
[TimeControl "180+1"]
[EndTime "10:18:26 PDT"]
[Termination "chessdjw won on time"]

1. c4 g6 2. Nc3 c5 3. d4 cxd4 4. Qxd4 Nf6 5. Bg5 Nc6 6. Qd2 Bg7 7. e4 d6 8. f3 Be6 9. Rc1 Rc8 10. Nd5 Nd7 11. Ne2 O-O 12. b4 f6 13. Be3 Nce5 14.
Nd4 Bf7 15. Be2 e6 16. Nf4 Qe7 17. Nb5 g5 18. Nh3 d5 19. c5 dxe4 20. fxe4 a6 21. Nd6 Rc7 22. O-O Bg6 23. a4 h6 24. b5 axb5 25.
axb5 b6 26. cxb6 Rxc1 27. Rxc1 f5 28. b7 f4 29. Ba7 Kh7 30. Rc8 f3 31. gxf3 Rxf3 32.
Bf1 Rxh3 33. Bg2 Ra3 34. b8=Q Nxb8 35. Bxb8 Ra1+ 36. Kf2 Qf6+ 37. Kg3 Ra3+ 38. Rc3 Rxc3+ 39. Qxc3 Qf4+ 0-1

[Event "*** Titled Tuesday Blitz"]
[Site "Chess.com"]
[Date "2020.05.12"]
[Round "2"]
[White "snowlord"]
[Black "Soltan49"]
[Result "1-0"]
[WhiteElo "2761"]
[BlackElo "2460"]
[TimeControl "180+1"]
[EndTime "10:18:26 PDT"]
[Termination "snowlord won by resignation"]

1. e4 c6 2. Nf3 d5 3. d3 dxe4 4. dxe4 Qxd1+ 5. Kxd1 Bg4 6. Be2 Nd7 7. Nfd2 Bxe2+ 8.
Kxe2 O-O-O 9. a4 e5 10. f3 f6 11. Nc4 Nb6 12. Ne3 Kc7 13. Nd2 Bc5 14. a5 Bxe3 15.
Kxe3 Nd7 16. Nb3 Nh6 17. Ke2 Nf7 18. Be3 a6 19. Rhd1 Nd6 20. Ra4 f5 21. Rb4 fxe4 22.
fxe4 Rhf8 23. Nc5 Nxc5 24. Bxc5 Rd7 25. Bxd6+ Rxd6 26. Rxb7+ Kxb7 27. Rxd6 Kc7 28. Re6 Rb8 29. b3 Rb5 30. Re7+ Kd6 31. Rxg7 Rxa5 32. Rxh7 Ra2 33.
Kd3 Ra1 34. h4 Rh1 35. g4 Rh3+ 36. Kd2 Rh2+ 37. Kc3 Rh3+ 38. Kb2 Re3 39. g5 Rxe4 40. h5 Rg4 41. Rg7 e4 42. h6 e3 43. h7 e2 44.
h8=Q e1=Q 45. Qf8+ Kd5 46. Rd7+ 1-0

[Event "*** Titled Tuesday Blitz"]
[Site "Chess.com"]
[Date "2020.05.12"]
[Round "2"]
[White "Meri-Arabidze"]
[Black "AryanTari"]
[Result "0-1"]
[WhiteElo "2566"]
[BlackElo "2930"]
[TimeControl "180+1"]
[EndTime "10:18:27 PDT"]
[Termination "AryanTari won on time"]

1. d4 d5 2. c4 e6 3. Nf3 Nf6 4. Nc3 Be7 5. Bg5 h6 6. Bh4 O-O 7. e3 c5 8. dxc5 Qa5 9. cxd5 Nxd5 10. Bxe7 Nxe7 11. Be2 Rd8 12. Qc2 Qxc5 13. O-O Nbc6 14. a3 a6 15. b4 Qb6 16. Na4 Qc7 17. Rac1 e5 18. Nc5 Bf5 19. Qb2 e4 20. Nd2 Qe5 21.
Qxe5 Nxe5 22. Ncxe4 Be6 23. Nf3 Nxf3+ 24. Bxf3 b6 25. Rfd1 Rxd1+ 26. Rxd1 Rc8 27. h3 f5 28. Ng3 Kf7 29. Rd6 Rc1+ 30. Kh2 Nc8 31. Rd4 Rc3 32. a4 g5 33. Ne2 Rc2 34. Bh5+ Ke7 35. Kg3 Nd6 36. f4 g4 37. hxg4 Rxe2 38. gxf5 Nxf5+ 39. Kh2 Nxd4 0-1

[Event "*** Titled Tuesday Blitz"]
[Site "Chess.com"]
[Date "2020.05.12"]
[Round "2"]
[White "diablanni"]
[Black "M1711"]
[Result "1-0"]
[WhiteElo "2299"]
[BlackElo "2503"]
[TimeControl "180+1"]
[EndTime "10:18:27 PDT"]
[Termination "diablanni won by checkmate"]

1. e4 c5 2. Nf3 d6 3. Bb5+ Nd7 4. d4 cxd4 5. Qxd4 Nf6 6. Nc3 a6 7. Bxd7+ Bxd7 8. Bg5 e5 9. Qd3 Bc6 10. O-O Be7 11.
Nd2 O-O 12. Nc4 b5 13. Ne3 b4 14. Bxf6 bxc3 15. Bxe7 Qxe7 16. bxc3 Rfc8 17. c4 a5 18. Nf5 Qg5 19. Nxd6 Rd8 20. c5 Rab8 21. Rab1 h5 22. f3 Rb4 23. Rxb4 axb4 24. Qc4 Qe3+ 25. Kh1 Rd7 26. Qxb4 Kh8 27. a4 Kh7 28. a5 Qe2 29. Qb1 Ra7 30. Re1 Qd2 31. Rd1 Qxa5 32. Qb6 Qd2 33.
Rg1 Ra2 34. Qxc6 Rxc2 35. Nxf7 Rc1 36. Ng5+ Kg8 37. Qe8# 1-0

[Event "*** Titled Tuesday Blitz"]
[Site "Chess.com"]
[Date "2020.05.12"]
[Round "2"]
[White "cukus"]
[Black "CuattroPrincesses"]
[Result "1-0"]
[WhiteElo "2506"]
[BlackElo "2274"]
[TimeControl "180+1"]
[EndTime "10:18:27 PDT"]
[Termination "cukus won on time"]

1. e4 c5 2. Nf3 d6 3. d4 cxd4 4. Nxd4 Nf6 5. Nc3 a6 6. Be3 e5 7. Nb3 Be6 8. f3 h5 9. Qd2 Nbd7 10. Nd5 Bxd5 11. exd5 g6 12. Be2 Bg7 13. O-O-O O-O 14.
g4 Nb6 15. Bg5 hxg4 16. fxg4 Qc7 17. Bh6 Ne4 18. Qe3 Rac8 19. Bd3 Bxh6 20. Qxh6 Nf2 21. c3 Nxh1 22. Rxh1 Nxd5 23. h4 Nxc3 24. h5 e4 25. hxg6 fxg6 26. Bc4+ d5 27. Qh8+ Kf7 28.
Rf1+ Ke6 29. Nd4+ Kd6 30. Rxf8 Rxf8 31. Qxf8+ Ke5 32. bxc3 Qxc4 33. Qe7+ Kf4 34. Qf6+ Ke3 35. Qg5+ Kf2 36. Qf4+ Kg2 37. Qd2+ Kg3 38. Qe3+ Kxg4 39.
Qg1+ Kh5 40. Qh2+ Kg5 41. Qg3+ Kf6 42. Qd6+ 1-0